AoeStats
← LMDP.Krassus/NooBNooB

Arena

508972103Analyzed
1v1 RM · 8d ago on Sep 24, 2026· 47m 59s· 2 players
Game mode
Random Map
Map size
Tiny (2 player)
Population
200
Speed
Normal
Resources
Standard
Victory
Conquest
Starting age
Dark Age
Ending age
Imperial Age
RankedLock teamsTeams togetherTeam positionsShared explorationLock speedFull tech treeHidden civsTurbo modeCheats
Victory
Defeat
🇷🇸 Khmer · Serbia
1003
+15
🇨🇭 Poles · Switzerland
976
-15
LMDP.Krassus/NooBNooB
8:55 Loom
11:10 Feudal Age
15:40 Castle Age
14:28 Double-Bit Axe
27:43 Wheelbarrow
31:03 Imperial Age
28:51 Horse Collar
29:55 Bow Saw
30:22 Szlachta Privileges
30:20 Husbandry
30:31 Bloodlines
31:21 Hand Cart
31:21 Heavy Plow
32:35 Ballistics
33:16 Chemistry
32:08 Cavalier
34:19 Lechitic Legacy
35:45 Crop Rotation
35:47 Gold Mining
35:51 Stone Mining
36:04 Onager
37:28 Conscription
37:55 Elite Obuch
39:14 Light Cavalry
40:00 Winged Hussar
41:02 Siege Engineers
43:00 Forging
42:51 Scale Mail Armor
42:56 Scale Barding Armor
Mr. Peacemaker
11:36 Feudal Age
14:48 Castle Age
12:56 Double-Bit Axe
12:55 Horse Collar
16:25 Heavy Plow
19:57 Wheelbarrow
20:01 Bow Saw
25:49 Ballistics
26:56 Fortified Wall
27:09 Masonry
28:03 Pikeman
33:14 Imperial Age
30:47 Murder Holes
31:46 Gold Mining
31:46 Stone Mining
31:51 Fletching
32:14 Forging
32:05 Scale Mail Armor
33:14 Hand Cart
33:04 Bodkin Arrow
33:15 Scale Barding Armor
34:21 Conscription
35:05 Crop Rotation
34:15 Halberdier
35:15 Double Crossbow
36:31 Chemistry
35:45 Siege Engineers
36:18 Chain Mail Armor
36:39 Iron Casting
36:52 Stone Shaft Mining
36:52 Gold Shaft Mining
36:45 Heavy Scorpion
37:39 Bracer
41:06 Husbandry
41:17 Bloodlines
40:28 Light Cavalry
42:01 Elite Battle Elephant
43:17 Chain Barding Armor
44:01 Hussar
44:52 Capped Ram
Connection lost

Rejoining the realm…

Still unreachable

The connection could not be restored.

Session expired

The server has moved on; the page needs a fresh start.